 Dungeon Crawl Stone Soup version 0.31-a0-455-g1a7b003ef0 (webtiles) character file.

Game seed: 10935455787762280338

2025 jasper the Gusty (level 9, -1/52 HPs)
             Began as a Deep Elf Air Elementalist on Aug 3, 2023.
             Was an Elder of Elyvilon.
             Slain by a two-headed ogre
             ... wielding a +0 giant club
              (14 damage)
             ... on level 7 of the Dungeon.
             The game lasted 00:11:32 (7268 turns).

jasper the Gusty (Deep Elf Air Elementalist)        Turns: 7268, Time: 00:11:32

Health: -1/52      AC:  5    Str:  3    XL:     9   Next: 3%
Magic:  6/18       EV: 18    Int: 31    God:    Elyvilon [****..]
Gold:   187        SH:  0    Dex: 15    Spells: 2/18 levels left

rFire   . . .        t - staff of conjuration
rCold   . . .        B - orb {light}
rNeg    . . .        v - +0 leather armour of Tender Moments {Rampage Str-2 Int+6 Slay+3}
rPois   .            (no helmet)
rElec   .            w - scarf {repulsion}
rCorr   .            C - +1 pair of gloves
SInv    .            (no boots)
Will    .....        s - amulet of regeneration
Stlth   +            n - +5 ring of evasion
HPRegen 1.08/turn    (no ring)
MPRegen 0.16/turn

%: repel missiles, rampage
@: glowing
A: no striking features
a: Renounce Religion, Purification, Heal Other, Heal Self


You were on level 7 of the Dungeon.
You worshipped Elyvilon.
Elyvilon was greatly pleased with you.
You visited 1 branch of the dungeon, and saw 7 of its levels.

You collected 355 gold pieces.
You spent 168 gold pieces at shops.

Inventory:

Hand Weapons
 d - a +0 dagger
 f - a +0 short sword
 E - a +2 flail of protection
Missiles
 k - 6 boomerangs
Armour
 a - a +0 robe
 v - the +0 leather armour of Tender Moments (worn) {Rampage Str-2 Int+6 Slay+3}
   (You bought it in a shop on level 3 of the Dungeon)

   Str:       It affects your strength (-2).
   Int:       It affects your intelligence (+6).
   Slay:      It affects your accuracy & damage with ranged weapons and melee
   (+3).
   Rampage:   It bestows one free step when moving towards enemies.
 w - a scarf of repulsion (worn)
 B - an orb of light (worn)
 C - a +1 pair of gloves (worn)
Magical Staves
 t - a staff of conjuration (weapon)
 x - a staff of earth
Jewellery
 n - a +5 ring of evasion (left hand)
 s - an amulet of regeneration (around neck)
 y - a ring of fire
Scrolls
 i - 2 scrolls of amnesia {unknown}
 j - 5 scrolls of teleportation {unknown}
 m - 6 scrolls of identify {unknown}
 o - a scroll of immolation {unknown}
 p - 2 scrolls of enchant armour {unknown}
 r - a scroll of summoning {unknown}
 u - a scroll of silence {unknown}
 D - a scroll of noise {unknown}
 F - a scroll of fear {unknown}
 H - a scroll of enchant weapon {unknown}
Potions
 b - a potion of magic
 c - 2 potions of curing {unknown}
 e - a potion of lignification {unknown}
 g - a potion of invisibility {unknown}
 h - a potion of mutation {unknown}
 l - 2 potions of ambrosia {unknown}
 q - a potion of cancellation {unknown}
 z - 2 potions of enlightenment {unknown}
 A - a potion of heal wounds {unknown}
 G - a potion of degeneration {unknown}


   Skills:
 + Level 4.0 Fighting
 + Level 6.5 Dodging
 - Level 2.4 Stealth
 - Level 5.0 Spellcasting
 - Level 2.6 Conjurations
 * Level 5.2 Fire Magic
 * Level 7.5 Air Magic


You had 2 spell levels left.
You knew the following spells:

 Your Spells              Type           Power      Damage    Failure   Level
a - Shock                 Conj/Air       100%       1d9       1%          1
b - Static Discharge      Conj/Air       100%       2-7/arc   1%          2
c - Swiftness             Air            53%        N/A       1%          3
d - Airstrike             Air            26%        2d(4-20)  4%          4
e - Plasma Beam           Fire/Air       23%        2x1d35    77%         6

Your spell library contained the following spells:

 Spells                   Type           Power      Damage    Failure   Level
 Foxfire                  Conj/Fire      100%       2x1d9     2%          1
 Poisonous Vapours        Pois/Air       62%        N/A       3%          2
 Sandblast                Erth           14%        2d6       11%         1
 Sting                    Tmut/Pois      28%        1d4       11%         1
 Lesser Beckoning         Tloc           14%        N/A       16%         2
 Passwall                 Tmut/Erth      5%         N/A       16%         2
 Inner Flame              Hex/Fire       24%        N/A       11%         3
 Stone Arrow              Conj/Erth      48%        3d10      19%         3
 Gell's Gravitas          Tloc           7%         N/A       32%         3
 Summon Guardian Golem    Hex/Summ       7%         N/A       32%         3
 Teleport Other           Tloc           7%         N/A       32%         3
 Tukima's Dance           Hex            7%         N/A       32%         3
 Animate Armour           Summ/Erth      14%        N/A       71%         4
 Olgreb's Toxic Radiance  Pois           7%         N/A       71%         4
 Petrify                  Tmut/Erth      7%         N/A       71%         4
 Yara's Violent Unravell  Hex/Tmut       3%         3d4       96%         5
 Starburst                Conj/Fire      24%        6d8       97%         6
 Simulacrum               Ice/Necr       3%         N/A       100%        6
 Enfeeble                 Hex            3%         N/A       100%        7
 Lehudib's Crystal Spear  Conj/Erth      12%        10d4      100%        8


Dungeon Overview and Level Annotations

Branches:
Dungeon (7/15)
 Temple: D:4-7

Altars:
Elyvilon
Hepliaklqana
Qazlal
Ru
Uskayaw
Wu Jian
Yredelemnul

Shops:
D:3 [   D:4 :


Message History

The air twists around and strikes the two-headed ogre!
The two-headed ogre is lightly wounded.
You now have 14/18 mp.
Casting: Airstrike (dangerous; 4% risk of failure)
Confirm with . or Enter, or press ? or * to list all spells.
Aiming: Airstrike (dangerous; 4% risk of failure)
Press: ? - help, Dir - move target, f/p - two-headed ogre
Aim: a two-headed ogre, wielding a +0 giant club and a +0 giant spiked club (lightly wounded, haloed, empty space bonus: 3/8)
The air twists around and strikes the two-headed ogre!
The two-headed ogre is moderately wounded.
You now have 10/18 mp.
Casting: Airstrike (dangerous; 4% risk of failure)
Confirm with . or Enter, or press ? or * to list all spells.
You feel a surge of power!
The two-headed ogre is struck by an arc of lightning!
The two-headed ogre is heavily wounded.
You are struck by an arc of lightning.
The two-headed ogre is struck by an arc of lightning.
The two-headed ogre is heavily wounded.
You are struck by an arc of lightning.
The two-headed ogre is struck by an arc of lightning!
The two-headed ogre is severely wounded.
The lightning grounds out.
The two-headed ogre closely misses you. x2
You take 9 damage, and have 43/52 hp.
You now have 8/18 mp.
Aiming: Shock (safe; 1% risk of failure)
Press: ? - help, Q - select action, (/) - cycle Shift-Dir - straight line, f/p - two-headed ogre
Aim: a two-headed ogre, wielding a +0 giant club and a +0 giant spiked club (severely wounded, haloed, 91% to hit)
You feel a surge of power!
The zap hits the two-headed ogre.
The two-headed ogre is severely wounded.
You now have 7/18 mp.
Aiming: Shock (safe; 1% risk of failure)
Press: ? - help, Q - select action, (/) - cycle Shift-Dir - straight line, f/p - two-headed ogre
Aim: a two-headed ogre, wielding a +0 giant club and a +0 giant spiked club (severely wounded, haloed, 91% to hit)
You feel a surge of power!
The zap hits the two-headed ogre.
The two-headed ogre is almost dead.
The two-headed ogre hits you with a +0 giant club!!
Ouch! That really hurt!
* * * LOW HITPOINT WARNING * * *
The two-headed ogre hits you with a +0 giant spiked club!
You die...

#.##.....#.#.# #†
#.##.#.....#.#####.
#.##.#..####.......
#.##...............
#.##.##.#####......
#..#. #.. +......
##.# ... #.....#
#.# ## #.....+ #@#
##.....# .....'O.#
..........
.....####
..######## .... #
###


You could see a two-headed ogre.

Vanquished Creatures
  A wyvern (D:5)
  3 water moccasins
  An ice beast (D:4)
  A black bear (D:5)
  2 ogres (D:6)
  3 centaurs
  2 phantoms
  2 bullfrogs
  A scorpion (D:4)
  2 hounds (D:6)
  2 jellies
  An orc priest (D:5)
  A gnoll bouda (D:7)
  4 iguanas
  2 orc wizards
  6 adders
  12 gnolls
  A shadow imp (D:6)
  2 white imps
  A worm (D:2)
  2 dart slugs
  13 orcs
  7 ball pythons
  5 bats
  7 endoplasms
  5 goblins
  9 hobgoblins
  14 jackals
  10 kobolds
  5 quokkas
  10 rats
137 creatures vanquished.

Notes
Turn   | Place    | Note
-------+----------+-------------------------------------------
     0 | D:1      | jasper the Deep Elf Air Elementalist began the quest for
                  | the Orb.
     0 | D:1      | Reached XP level 1. HP: 10/10 MP: 6/6
   234 | D:1      | Reached XP level 2. HP: 16/16 MP: 4/8
   748 | D:1      | Reached skill level 1 in Fighting
   798 | D:1      | Reached XP level 3. HP: 20/20 MP: 5/9
   803 | D:1      | Learned a level 2 spell: Static Discharge
   807 | D:1      | Learned a level 3 spell: Swiftness
  1759 | D:2      | Found a faded altar of an unknown god.
  1767 | D:2      | Prayed at the altar of an unknown god.
  1767 | D:2      | Became a worshipper of Elyvilon the Healer
  1767 | D:2      | Reached * piety under Elyvilon
  2024 | D:2      | Reached XP level 4. HP: 19/25 MP: 0/10
  2465 | D:2      | Reached ** piety under Elyvilon
  3279 | D:3      | Found Omnearih's Antique Armour Shoppe.
  3282 | D:3      | Bought a smoking leather armour for 168 gold pieces
  3282 | D:3      | Identified the +0 leather armour of Tender Moments {Rampage
                  | Str-2 Int+6 Slay+3} (You bought it in a shop on level 3 of
                  | the Dungeon)
  3543 | D:3      | Got the Dissertation on the Familiar and Graupel
  3593 | D:3      | Reached *** piety under Elyvilon
  3995 | D:4      | Noticed a scorpion
  4081 | D:4      | Reached XP level 5. HP: 30/30 MP: 7/12
  4094 | D:4      | Learned a level 4 spell: Airstrike
  4263 | D:4      | Reached skill level 4 in Air Magic
  4370 | D:4      | Reached XP level 6. HP: 35/35 MP: 7/13
  4539 | D:4      | Got the Discursus on Spellbinding Tephra
  4661 | D:4      | Found a sacrificial altar of Ru.
  4661 | D:4      | Found a stormy altar of Qazlal.
  4661 | D:4      | Found a hide-covered altar of Uskayaw.
  4720 | D:4      | Found Hecvatoase's Self-Published Books.
  4836 | D:4      | Noticed an ice beast
  4850 | D:4      | Killed an ice beast
  5027 | D:5      | Entered Level 5 of the Dungeon
  5177 | D:5      | Noticed a wyvern
  5183 | D:5      | Killed a wyvern
  5184 | D:5      | Reached skill level 5 in Air Magic
  5184 | D:5      | Reached XP level 7. HP: 32/40 MP: 2/16
  5251 | D:5      | Reached skill level 5 in Dodging
  5251 | D:5      | Reached skill level 5 in Spellcasting
  5258 | D:5      | Learned a level 6 spell: Plasma Beam
  5334 | D:5      | Reached skill level 1 in Fire Magic
  5375 | D:5      | Reached **** piety under Elyvilon
  5758 | D:5      | Reached skill level 6 in Air Magic
  6224 | D:6      | Found an ornate altar of the Wu Jian Council.
  6301 | D:6      | Reached XP level 8. HP: 39/46 MP: 7/17
  6451 | D:6      | Elyvilon protects you from harm!
  6657 | D:6      | Reached skill level 7 in Air Magic
  6788 | D:6      | Found a hazy altar of Hepliaklqana.
  6956 | D:7      | Found a basalt altar of Yredelemnul.
  7002 | D:7      | Reached skill level 5 in Fire Magic
  7141 | D:7      | Reached XP level 9. HP: 27/52 MP: 9/18
  7263 | D:7      | Noticed a two-headed ogre
  7268 | D:7      | Slain by a two-headed ogre

Illustrated notes

Levels and vault maps discovered:
D:1:      dpeg_arrival_simpleton_c, layout_loops_corners, serial_rivers,
          chequers_serial_rivers_large_a, chequers_serial_rivers_micro_b,
          chequers_serial_rivers_room_a, chequers_serial_rivers_small_3,
          chequers_serial_rivers_room_a, chequers_serial_rivers_room_b,
          minmay_tromino_v4_b
D:2:      layout_basic, chequers_ecumenical_altar_lobes,
          minmay_misc_feat_diagonals
D:3:      layout_loops_cross, serial_shops, nicolae_shop_statue_plus
D:4:      layout_loops_cross, gammafunk_temple_overflow_forgotten,
          nicolae_custom_books, minmay_misc_feat_columns,
          chequers_serial_rivers_small_3
D:5:      layout_gridville
D:6:      layout_gridville, nicolae_wu_jian_wuxing_cycle, general_overflow_altar
D:7:      layout_basic, mainiacjoe_overflow_alcove_2, lemuel_blue_sif_altar,
          temple_statues

Skill      XL: |  1  2  3  4  5  6  7  8 |
---------------+-------------------------+-----
Dodging        | 3 4 5 6 |  6.5
Fighting       | 1 2 3 4 |  4.0
Conjurations   | 2 |  2.6
Air Magic      | 4 5 6 7 |  7.5
Spellcasting   | 4 5 |  5.0
Fire Magic     | 2 5 |  5.2
Stealth        | |  2.4

Action                     |  1- 3 |  4- 6 |  7- 9 || total
---------------------------+-------+-------+-------++-------
  Melee: Dagger            |    12 |       |       ||    12
         Staff             |       |     1 |     1 ||     2
   Cast: Shock             |    82 |   112 |   122 ||   316
         Static Discharge  |     3 |     6 |     9 ||    18
         Airstrike         |       |     2 |     2 ||     4
 Armour: Robe              |     5 |       |       ||     5
         Leather armour    |       |     1 |     4 ||     5
  Dodge: Dodged            |    21 |    25 |    56 ||   102
         Repelled          |       |     1 |       ||     1

Table legend: (Time is in decaauts)
 A = Elapsed time spent in this place.
 B = Non-inter-level travel time spent in this place.
 C = Inter-level travel time spent in this place.
 D = Time resting spent in this place.
 E = Time spent auto-exploring this place.
 F = Levels seen in this place.
 G = Mean time per level.
                   A        B        C        D        E       F      G
               +--------+--------+--------+--------+--------+-----+--------+
         Total |   7290 |   7008 |    282 |     96 |   6197 |   7 | 1041.4 |
       Dungeon |   7290 |   7008 |    282 |     96 |   6197 |   7 | 1041.4 |
               +--------+--------+--------+--------+--------+-----+--------+

Top non-repeatable levels by time:
     D:1: 1532 daAuts
     D:2: 1343 daAuts
     D:5: 1186 daAuts
     D:4: 1101 daAuts
     D:3: 1072 daAuts
     D:6: 627 daAuts
     D:7: 426 daAuts
